AoeStats
← lex.18.1985gs

Nomad

510444404Analyzed
2v2 RM · 19h ago on Oct 1, 2026· 40m 12s· 4 players
Game mode
Random Map
Map size
176×176
Population
200
Speed
Normal
Resources
Standard
Victory
Conquest
Starting age
Dark Age
Ending age
Imperial Age
RankedLock teamsTeams togetherTeam positionsShared explorationLock speedFull tech treeHidden civsTurbo modeCheats
Victory
Defeat
🇦🇷 Vietnamese · Argentina
682
+9
🇦🇷 Khmer · Argentina
594
+13
🇨🇳 Turks · China
662
-16
🇦🇷 Turks · Argentina
384
-6
曾经也是小鲜肉
14:37 Feudal Age
20:26 Fletching
26:38 Castle Age
25:28 Scale Mail Armor
27:45 Stone Mining
37:00 Bodkin Arrow
lex.18.1985gs
17:07 Feudal Age
23:53 Double-Bit Axe
olivera.mariano
4:38 Loom
13:34 Feudal Age
14:51 Wheelbarrow
14:05 Horse Collar
14:07 Fishing Lines
14:38 Double-Bit Axe
16:56 Fletching
18:23 Padded Archer Armor
20:31 Town Watch
28:19 Castle Age
26:47 Stone Mining
27:50 Gold Mining
29:15 Hand Cart
29:30 Scale Mail Armor
29:45 Leather Archer Armor
30:40 Town Patrol
30:42 Elite Skirmisher
32:04 Bow Saw
38:40 Imperial Age
39:41 Chain Mail Armor
39:23 Bodkin Arrow
agusstre
5:32 Loom
12:59 Feudal Age
13:21 Horse Collar
22:42 Fishing Lines
24:08 Padded Archer Armor
23:59 Fletching
26:03 Scale Mail Armor
32:41 Wheelbarrow
31:58 Town Watch
42:47 Castle Age
Connection lost

Rejoining the realm…

Still unreachable

The connection could not be restored.

Session expired

The server has moved on; the page needs a fresh start.